 Dungeon Crawl Stone Soup version 0.27-a0-1136-g0b992a5a9d (webtiles) character file.

Game seed: 3993211771944179098

110701 robertstho the Sorcerer (level 16, -2/101 HPs)
             Began as a Djinni Fire Elementalist on May 4, 2021.
             Was a High Priest of Ashenzari.
             Slain by a bunyip (29 damage)
             ... called by a spriggan druid
             ... on level 3 of the Swamp.
             The game lasted 01:04:31 (19846 turns).

robertstho the Sorcerer (Djinni Fire Elementalist) Turns: 19846, Time: 01:04:32

Health: -2/101     AC: 12    Str:  7    XL:     16   Next: 55%
Gold:   1377       EV: 23    Int: 23    God:    Ashenzari [*****.] SH:  0 Dex: 15

rFire    + + .     SeeInvis +   b - +3 dagger of Star-Bound Wisdom {elec, Self, Evo} (curse)
rCold    x . .     Faith    .   (no shield)
rNeg     . . .     Spirit   .   m - +2 robe "Prescient Shame" {Archmagi, Self, Range} (curse)
rPois    ∞         Reflect  .   H - +2 helmet "Eternal Fallacy" {SInv, Evo, Cun} (curse)
rElec    .         Harm     .   h - scarf "Manifest Free Will" {+Inv, Melee, Self} (curse)
rCorr    .         Rampage  .   k - +0 pair of gloves "Tethered With Me" {Self, Cun} (curse)
Will     +....     Clarity  +   (boots unavailable) Stlth +++++.....Rnd*Tele +
                                i - amulet of Curses and Power {Regen+, Range, Self} (curse)
HPRegen  1.26/turn              j - ring of the Eye in the Sky {EV+4, Evo, Cun} (curse)
MPRegen  0.00/turn              g - ring of Ashenzari's Visionary {AC+4, Melee, Cun} (curse)

@: about to teleport, flying
A: sickness immunity, fire resistance 2, cold vulnerability 1, float, innate
caster, hp casting, extra vitality 1, frail 1, teleportitis 1
a: Renounce Religion, Evoke Invisibility, Shatter the Chains


You were on level 3 of the Swamp.
You worshipped Ashenzari.
Ashenzari was extremely pleased with you.
You visited 5 branches of the dungeon, and saw 23 of its levels.
You also visited: Bailey and Ice Cave.

You collected 2427 gold pieces.
You spent 1050 gold pieces at shops.

Inventory:

Hand Weapons
 b - the cursed +3 dagger of Star-Bound Wisdom (weapon) {elec, Self, Evo}
   (You took it off a goblin on level 1 of the Dungeon)

   Occasionally, upon striking a foe, it can discharge electrical energy and
   cause terrible harm.
   It has a curse which improves the following skills: Introspection: Fighting
   and Spellcasting.
   Evocations: Evocations.
 e - a +2 vampiric long sword
Armour
 a - a +1 pair of gloves of archery
 h - the cursed scarf "Manifest Free Will" (worn) {+Inv, Melee, Self}
   (You found it on level 5 of the Lair of Beasts)

   It has a curse which improves the following skills: Melee Combat: Short
   Blades, Long Blades, Axes, Maces & Flails, Polearms, Staves and Unarmed
   Combat.
   Introspection: Fighting and Spellcasting.
 k - the cursed +0 pair of gloves "Tethered With Me" (worn) {Self, Cun}
   (You found it on level 5 of the Dungeon)

   It has a curse which improves the following skills: Introspection: Fighting
   and Spellcasting.
   Cunning:   Dodging and Stealth.
 m - the cursed +2 robe "Prescient Shame" (worn) {Archmagi, Self, Range}
   (You took it off an orc sorcerer on level 2 of the Orcish Mines)

   It has a curse which improves the following skills: Introspection: Fighting
   and Spellcasting.
   Ranged Combat: Slings, Bows, Crossbows and Throwing.
 E - a +2 cloak of cold resistance
 H - the cursed +2 helmet "Eternal Fallacy" (worn) {SInv, Evo, Cun}
   (You bought it in a shop on level 2 of the Orcish Mines)

   It has a curse which improves the following skills: Evocations: Evocations.
   Cunning:   Dodging and Stealth.
 K - a +1 buckler of cold resistance
Jewellery
 g - the cursed ring of Ashenzari's Visionary (right hand) {AC+4, Melee, Cun}
   (You found it on level 4 of the Dungeon)

   [ring of protection]

   It affects your AC (+4).
   It has a curse which improves the following skills: Melee Combat: Short
   Blades, Long Blades, Axes, Maces & Flails, Polearms, Staves and Unarmed
   Combat.
   Cunning:   Dodging and Stealth.
 i - the cursed amulet of Curses and Power (around neck) {Regen+, Range, Self}
   (You acquired it on level 2 of the Dungeon)

   [amulet of regeneration]

   It increases your rate of health regeneration.
   It has a curse which improves the following skills: Ranged Combat: Slings,
   Bows, Crossbows and Throwing.
   Introspection: Fighting and Spellcasting.
 j - the cursed ring of the Eye in the Sky (left hand) {EV+4, Evo, Cun}
   (You found it on level 2 of the Dungeon)

   [ring of evasion]

   It affects your evasion (+4).
   It has a curse which improves the following skills: Evocations: Evocations.
   Cunning:   Dodging and Stealth.
 w - a ring of willpower
 A - a +6 ring of intelligence
 I - a ring of protection from fire
Wands
 o - a wand of mindburst (41)
 B - a wand of digging (10)
 F - a wand of iceblast (14)
Scrolls
 c - 6 scrolls of magic mapping
 d - 6 scrolls of enchant weapon
 l - 3 scrolls of enchant armour
 n - 2 scrolls of silence
 p - 2 scrolls of holy word
 t - 2 scrolls of teleportation
 u - 4 scrolls of immolation
 v - 3 scrolls of fog
 y - a scroll of fear
 D - a scroll of torment
 G - 2 scrolls of summoning
Potions
 f - a potion of invisibility
 q - 2 potions of brilliance
 r - 3 potions of might
 s - 6 potions of haste
 x - 2 potions of heal wounds
 z - 2 potions of curing
 C - 7 potions of ambrosia


   Skills:
 + Level 3.6(10.0) Fighting
 + Level 1.1(3.4) Short Blades
 + Level 7.5(13.6) Dodging
 + Level 6.2(12.3) Stealth
 + Level 21.2(27) Spellcasting


You had 28 spell levels left.
You knew the following spells:

 Your Spells              Type           Power      Damage    Failure   Level
a - Foxfire               Conj/Fire      100%       2x1d9     0%          1
b - Conjure Flame         Conj/Fire      100%       6-21      0%          3
c - Inner Flame           Hex/Fire       100%       N/A       0%          3
d - Sticky Flame          Conj/Fire      100%       2d11      0%          4
e - Fireball              Conj/Fire      62%        3d24      0%          5
f - Corona                Hex            100%       N/A       0%          1
g - Corpse Rot            Necr/Air       N/A        N/A       0%          2
h - Portal Projectile     Hex/Tloc       100%       N/A       0%          3
i - Spider Form           Tmut/Pois      62%        N/A       0%          3
j - Irradiate             Conj/Tmut      62%        3d34      0%          5
k - Bolt of Magma         Conj/Fire/Erth 62%        4d24      0%          5
l - Death Channel         Necr           62%        N/A       0%          6
Your spell library was empty.

Dungeon Overview and Level Annotations

Branches:
Dungeon (11/15)            Temple (1/1) D:7            Lair (6/6) D:8
  Swamp (3/4) Lair:3       Spider (0/4) Lair:4        Slime (0/5) Lair:5
    Orc (2/2) D:10            Elf (0/3) Orc:2        Bailey (visited)
  IceCv (visited)

Altars:
Ashenzari
Cheibriados
Dithmenos
Elyvilon
Fedhas
Gozag
Hepliaklqana
Kikubaaqudgha
Makhleb
Okawaru
Qazlal
Ru
Sif Muna
Trog
Uskayaw
Vehumet
Wu Jian
Xom
Yredelemnul
Zin
The Shining One
Beogh
Jiyva

Shops:
D:6 ?   Orc:1 *   Orc:2 *[([


Innate Abilities, Weirdness & Mutations

You are immune to sickness and miasma.
You are immune to poison.
Your flesh is very heat resistant. (rF++)
You are vulnerable to cold. (rC-)
You float through the air rather than walking.
You learn spells naturally, not from books.
Your magical power is your life essence.
You have superior vitality. (+4 HP)
You are frail. (-10% HP)
You are occasionally teleported next to monsters.


Message History

Confirm with . or Enter, or press ? or * to list all spells.
Aiming: Fireball (safe; 0% risk of failure)
Press: ? - help, Shift-Dir - straight line, f - spriggan druid
Aim: a spriggan druid, wielding a +0 quarterstaff and wearing a +0 robe (steam, lightly wounded)
You feel a surge of power!
The fireball explodes!
The fireball engulfs the spriggan druid!!
The spriggan druid is severely wounded.
* * * LOW HITPOINT WARNING * * *
The spriggan druid is engulfed in a cloud of scalding steam.
The spriggan druid mumbles some strange words.
The spriggan druid is healed somewhat.
A will-o-the-wisp comes into view.
Unknown command.
A tyrant leech comes into view.
The spriggan druid is engulfed in a cloud of scalding steam.
With its final breath, the spriggan druid offers up its power to the beasts of the wild!
The tyrant leech is healed.
The bunyip seems to grow more fierce.
The tyrant leech seems to grow more fierce.
You kill the spriggan druid!
The eleionoma melds with the trees.
As you read the scroll of teleportation, it crumbles to dust.
You feel strangely unstable.
The eleionoma hurls a spray of splinters at you.
The spray of wooden splinters misses you.
The bunyip is engulfed in a cloud of scalding steam.
Unknown command.
Casting: Fireball (safe; 0% risk of failure)
Confirm with . or Enter, or press ? or * to list all spells.
Aiming: Fireball (safe; 0% risk of failure)
Press: ? - help, Shift-Dir - straight line, f - tyrant leech
Aim: a tyrant leech (thin mist)
You feel a surge of power!
The fireball explodes!
The fireball engulfs the tyrant leech!!!
The tyrant leech is severely wounded.
The will-o-the-wisp gives a chilling moan.
* * * LOW HITPOINT WARNING * * *
The tyrant leech is engulfed in a cloud of scalding steam.
The bunyip completely misses you. The bunyip barely misses you.
The bunyip claws you!!
You die...

**,≈≈≈♣......≈....≈≈≈≈≈...#.....
≈≈≈ ♣♣≈≈≈≈§≈≈≈..≈≈≈≈≈≈...[÷...
♣≈§ ♣....≈≈≈≈≈.≈≈≈≈.♣......[# *
♣♣♣♣♣♣≈≈≈≈.§≈§≈♣♣.[####.# **
♣♣≈≈≈≈......♣♣♣.......
♣.≈≈§§...♣♣♣♣♣♣♣...... ≈
♣.≈≈§w§.≈♣♣♣♣♣♣♣♣♣≈♣♣♣ *
♣.≈≈≈...♣♣≈♣♣♣ *♣...♣♣ *
♣♣....@R.♣..≈. ♣.≈♣♣♣ * * **
♣≈≈≈≈≈wx§♣≈≈≈≈ ≈,♣. ≈* ≈,
*♣≈†§≈..≈..≈≈≈≈≈ ♣≈ * , ≈
≈.≈≈v..†§§)≈≈≈≈≈, * * ≈ ,≈ ≈
,≈§≈§≈.>)..§$....♣ ,** ≈≈≈≈
*,.......≈☼§))..♣♣ * ≈ ≈
..≈.§.≈♣♣...≈≈≈♣ *≈ ≈ ≈,*
.≈≈≈≈.≈* ..≈≈"..*,,,* ≈≈ *
,..≈≈≈.. ≈......., ≈,≈


You could see a bunyip (strong), an eleionoma, 2 tyrant leeches and a
will-o-the-wisp.

Vanquished Creatures
  2 Ice Fiends (IceCv)
  An orc warlord (Orc:2)
  2 bunyips
  Snorg (Orc:2)
  3 eleionomae
  Josephine (Orc:1)
  2 shambling mangroves
  An ice dragon (Swamp:2)
  A boulder beetle (Lair:4)
  2 ghost crabs (Swamp:2)
  An ogre mage (Orc:2)
  11 hydras
  11 death yaks
  8 two-headed ogres
  8 alligators
  3 orc high priests (Orc:2)
  The ghost of OTABOTABOTAB the Blocker, a journeyman VSFi of Uskayaw (Orc:1)
  27 spriggans
  2 goliath frogs (Swamp:1)
  2 spriggan druids
  5 bog bodies
  4 orc knights (Orc:2)
  5 orc sorcerers
  A cyclops (D:10)
  A will-o-the-wisp (Swamp:3)
  9 elephants
  9 black mambas
  3 torpor snails
  2 ice statues (IceCv)
  Maggie (D:10)
  9 cane toads
  3 rime drakes
  14 ice devils (IceCv)
  6 komodo dragons
  A queen bee (Lair:1)
  6 jumping spiders (Lair:4)
  7 tyrant leeches
  18 hornets
  7 polar bears
  Grinder (D:5)
  4 blink frogs (Lair:3)
  3 dream sheep
  2 shadows (D:10)
  A redback (Lair:4)
  26 yaks
  4 wyverns
  7 wraiths
  13 vampire mosquitoes
  3 basilisks
  A steam dragon (Lair:3)
  12 swamp worms
  4 wargs
  15 water moccasins
  Duvessa (D:5)
  34 orc warriors
  3 ice beasts
  A sky beast (D:6)
  2 swamp drakes
  4 black bears
  4 boggarts (Lair:6)
  25 wolves (Lair:6)
  14 ogres
  A centaur (D:9)
  Blork the orc (D:6)
  3 kobold brigands
  11 gnoll sergeants
  19 bullfrogs
  3 scorpions
  Dowan (D:5)
  A wyvern skeleton (D:7)
  38 killer bees
  12 wights
  4 electric eels
  A howler monkey (D:5)
  3 centaur zombies
  A bullfrog zombie (D:6)
  4 jellies
  6 gnoll shamans (Bailey)
  24 orc priests
  A centaur skeleton (D:7)
  5 hounds
  A bullfrog skeleton (D:6)
  4 iguanas
  21 orc wizards
  A killer bee zombie (D:7)
  4 hound skeletons
  28 gnolls
  A howler monkey zombie (D:9)
  9 adders
  8 white imps
  7 ufetubi (IceCv)
  A worm (D:2)
  4 dart slugs
  93 orcs
  6 ball pythons
  11 endoplasms
  2 hobgoblins (D:2)
  20 jackals
  12 kobolds
  9 quokkas
  2 bats
  A frilled lizard (D:2)
  12 goblins
  5 rats
  3 bushes (Lair:6)
789 creatures vanquished.

Vanquished Creatures (collateral kills)
  12 foxfires
12 creatures vanquished.

Vanquished Creatures (others)
  A white imp (IceCv)
  3 ufetubi (IceCv)
  728 foxfires
  50 fungi
  52 plants
834 creatures vanquished.

Grand Total: 1635 creatures vanquished

Notes
Turn   | Place    | Note
-------+----------+-------------------------------------------
     0 | D:1      | robertstho the Djinni Fire Elementalist began the quest for
                  | the Orb.
     0 | D:1      | Reached XP level 1. HP: 15/15 MP: 0/0
   222 | D:1      | Reached skill level 3 in Spellcasting
   290 | D:1      | Reached XP level 2. HP: 17/21 MP: 0/0
  1066 | D:1      | Reached XP level 3. HP: 19/25 MP: 0/0
  1066 | D:1      | Learned a level 1 spell: Corona
  1582 | D:1      | Found a faded altar of an unknown god.
  2259 | D:2      | Reached skill level 4 in Spellcasting
  2259 | D:2      | Reached XP level 4. HP: 21/31 MP: 0/0
  3036 | D:2      | Identified a scroll of acquirement
  3036 | D:2      | Acquired an amulet of regeneration
  3295 | D:3      | Reached XP level 5. HP: 35/35 MP: 0/0
  3295 | D:3      | Learned a level 2 spell: Corpse Rot
  3361 | D:3      | Found a hazy altar of Hepliaklqana.
  3476 | D:3      | Reached skill level 5 in Spellcasting
  3504 | D:3      | Reached XP level 6. HP: 40/40 MP: 0/0
  4584 | D:4      | Found an ornate altar of the Wu Jian Council.
  4686 | D:5      | Entered Level 5 of the Dungeon
  4813 | D:5      | Noticed an orc warrior
  4821 | D:5      | Killed an orc warrior
  4822 | D:5      | Reached skill level 1 in Fighting
  4822 | D:5      | Reached XP level 7. HP: 39/47 MP: 0/0
  4822 | D:5      | Learned a level 3 spell: Portal Projectile
  4858 | D:5      | Reached skill level 6 in Spellcasting
  5068 | D:5      | Reached XP level 8. HP: 20/52 MP: 0/0
  5075 | D:5      | Noticed Duvessa
  5080 | D:5      | Noticed Dowan
  5084 | D:5      | Killed Duvessa
  5085 | D:5      | Reached skill level 7 in Spellcasting
  5100 | D:5      | Killed Dowan
  5439 | D:5      | Reached skill level 8 in Spellcasting
  5492 | D:5      | Noticed Grinder
  5496 | D:5      | Paralysed by Grinder for 2 turns
  5501 | D:5      | Killed Grinder
  5641 | D:6      | Reached XP level 9. HP: 57/57 MP: 0/0
  5641 | D:6      | Learned a level 3 spell: Spider Form
  5693 | D:6      | Reached skill level 9 in Spellcasting
  5720 | D:6      | Found Maridit's Magic Scroll Emporium.
  5732 | D:6      | Bought a scroll of amnesia for 45 gold pieces
  5732 | D:6      | Bought a scroll of holy word for 97 gold pieces
  5732 | D:6      | Bought a scroll of identify for 26 gold pieces
  5732 | D:6      | Bought a scroll of identify for 26 gold pieces
  5732 | D:6      | Bought a scroll of teleportation for 39 gold pieces
  5881 | D:6      | Found a white marble altar of Elyvilon.
  5972 | D:6      | Noticed Blork the orc
  6001 | D:6      | Killed Blork the orc
  6379 | D:7      | Reached skill level 10 in Spellcasting
  6387 | D:7      | Found a flagged portal.
  6415 | Bailey   | Entered a bailey
  6509 | Bailey   | Reached XP level 10. HP: 54/62 MP: 0/0
  6583 | Bailey   | Reached skill level 11 in Spellcasting
  7030 | D:7      | Found a staircase to the Ecumenical Temple.
  7070 | Temple   | Entered the Ecumenical Temple
  7193 | Temple   | Became a worshipper of Ashenzari the Shackled
  7419 | D:7      | Identified Siramn's Grimoire of the Warped Oath
  7443 | D:8      | Found an iron altar of Okawaru.
  7640 | D:8      | Found a staircase to the Lair.
  7640 | D:8      | Noticed a death yak
  7644 | D:8      | Reached skill level 12 in Spellcasting
  7650 | D:8      | Killed a death yak
  7867 | D:8      | Reached XP level 11. HP: 64/68 MP: 0/0
  7867 | D:8      | Learned a level 5 spell: Irradiate
  8060 | D:9      | Noticed a five-headed hydra
  8063 | D:9      | Killed a five-headed hydra
  8064 | D:9      | Reached skill level 5 in Dodging
  8180 | D:9      | Noticed a two-headed ogre
  8183 | D:9      | Killed a two-headed ogre
  8184 | D:9      | Reached skill level 13 in Spellcasting
  8538 | D:10     | Entered Level 10 of the Dungeon
  8614 | D:10     | Noticed a two-headed ogre
  8618 | D:10     | Killed a two-headed ogre
  8676 | D:10     | Noticed a cyclops
  8679 | D:10     | Killed a cyclops
  8964 | D:10     | Noticed Maggie
  8970 | D:10     | Killed Maggie
  9105 | D:10     | Found a staircase to the Orcish Mines.
  9425 | D:11     | Noticed a cyclops
  9429 | D:11     | Noticed a two-headed ogre
  9516 | Lair:1   | Entered Level 1 of the Lair of Beasts
  9633 | Lair:1   | Reached skill level 14 in Spellcasting
  9813 | Lair:1   | Noticed a four-headed hydra
  9823 | Lair:1   | Killed a four-headed hydra
  9824 | Lair:1   | Reached XP level 12. HP: 54/76 MP: 0/0
 10384 | Lair:2   | Reached * piety under Ashenzari
 10606 | Lair:2   | Noticed a four-headed hydra
 10624 | Lair:2   | Killed a four-headed hydra
 10625 | Lair:2   | Reached skill level 15 in Spellcasting
 10769 | Lair:2   | Reached ** piety under Ashenzari
 11285 | Lair:3   | Reached *** piety under Ashenzari
 11618 | Lair:3   | Reached skill level 5 in Stealth
 12013 | Lair:3   | Found a staircase to the Swamp.
 12249 | Lair:4   | Reached skill level 16 in Spellcasting
 12249 | Lair:4   | Reached XP level 13. HP: 52/86 MP: 0/0
 12249 | Lair:4   | Learned a level 5 spell: Bolt of Magma
 12906 | Lair:4   | Found a hole to the Spider Nest.
 13253 | Lair:5   | Found a runed translucent door.
 13253 | Lair:5   | Found a viscous altar of Jiyva.
 13257 | Lair:5   | Found a staircase to the Slime Pits.
 13689 | Lair:5   | Reached skill level 17 in Spellcasting
 13748 | Lair:5   | Reached skill level 1 in Short Blades
 14406 | Lair:6   | Entered Level 6 of the Lair of Beasts
 14474 | Lair:6   | Reached XP level 14. HP: 71/94 MP: 0/0
 14655 | Lair:6   | Identified the +3 flail of Malaise {flame, SInv}
 14833 | Lair:6   | Reached skill level 18 in Spellcasting
 15219 | Lair:6   | Identified the +1 morningstar "Ociam" {vorpal, rF- rCorr
                  | Dex+2}
 16058 | Orc:1    | Entered Level 1 of the Orcish Mines
 16060 | Orc:1    | Noticed Josephine
 16066 | Orc:1    | Killed Josephine
 16210 | Orc:1    | Found a runed translucent door.
 16212 | Orc:1    | Noticed OTABOTABOTAB's ghost (journeyman VSFi)
 16266 | Orc:1    | Found Ysmeiheh's General Store.
 16274 | Orc:1    | Bought a scroll of torment for 112 gold pieces
 16274 | Orc:1    | Bought a potion of heal wounds for 75 gold pieces
 16274 | Orc:1    | Bought a potion of haste for 150 gold pieces
 16475 | Orc:1    | Killed OTABOTABOTAB's ghost
 16527 | Orc:2    | Entered Level 2 of the Orcish Mines
 16527 | Orc:2    | Found a staircase to the Elven Halls.
 16566 | Orc:2    | Found Etra's Antique Armour Boutique.
 16681 | Orc:2    | Reached skill level 19 in Spellcasting
 16685 | Orc:2    | Noticed Snorg
 16760 | Orc:2    | Killed Snorg
 16761 | Orc:2    | Reached XP level 15. HP: 72/100 MP: 0/0
 16761 | Orc:2    | Learned a level 6 spell: Death Channel
 16976 | Orc:1    | Gained mutation: You are occasionally teleported next to
                  | monsters. [mutagenic glow]
 17061 | Orc:2    | Noticed an orc warlord
 17379 | Orc:2    | Killed an orc warlord
 17488 | Orc:2    | Found Biaqaf's General Store.
 17489 | Orc:2    | Found Voaclem's Book Shoppe.
 17491 | Orc:2    | Found Tazoic's Antique Armour Emporium.
 17491 | Orc:2    | Found Oniz's Antique Weapon Emporium.
 17496 | Orc:2    | Bought a pair of runed gloves for 240 gold pieces
 17496 | Orc:2    | Bought a runed helmet for 240 gold pieces
 17911 | Swamp:1  | Entered Level 1 of the Swamp
 18132 | Swamp:1  | Reached **** piety under Ashenzari
 18183 | Swamp:1  | Reached skill level 20 in Spellcasting
 18279 | Swamp:1  | Found a broken altar of Ashenzari.
 18646 | Swamp:2  | Reached ***** piety under Ashenzari
 18738 | Swamp:2  | Reached XP level 16. HP: 86/112 MP: 0/0
 18781 | Swamp:2  | Found a frozen archway.
 18793 | IceCv    | Entered an ice cave
 18899 | IceCv    | Gained mutation: You are frail. (-10% HP) [mutagenic glow]
 19004 | IceCv    | Noticed an Ice Fiend
 19007 | IceCv    | Noticed an Ice Fiend
 19009 | IceCv    | Killed an Ice Fiend
 19015 | IceCv    | Killed an Ice Fiend
 19497 | Swamp:2  | Identified the +4 hand crossbow of the Fulmar {venom, rElec
                  | rPois Will- Str+4}
 19542 | Swamp:2  | Reached skill level 21 in Spellcasting
 19695 | Swamp:3  | Noticed a fenstrider witch
 19846 | Swamp:3  | Slain by a bunyip

Illustrated notes

Levels and vault maps discovered:
D:1:      lightli_arrival_boilingwater, layout_basic,
          hellmonk_ecumenical_altar_crossroads
D:2:      layout_rooms, interstate_on_off
D:3:      layout_rooms, nicolae_overflow_hidden_temple,
          nicolae_hepliaklqana_hazy_memory, st_stairs_5
D:4:      layout_layer_cave, nzn_wu_jian_contemplation, minmay_hedge_maze,
          nrook_mini_vaults, lemuel_old_faithful
D:5:      minmay_bubble_buster, layout_loops_cross, serial_bayou_ford_a,
          uniq_grinder, uniq_duvessa, uniq_ijyb
D:6:      layout_basic, lemuel_tele_altar, serial_shops, shop,
          uniq_blork_the_orc
D:7:      layout_basic, minmay_temple_entry_enclosed_plants, enter_bailey_2
D:8:      layout_rooms, okawaru_gym_becter, general_overflow_altar,
          david_lair_generic, water_boxes_lemuel
D:9:      layout_gridville, minmay_misc_feat_plants, amcnicky_mini_pool_medium
D:10:     layout_roguey, hiddenorc2_lemuel, serial_park_tiny_2, uniq_maggie
D:11:     layout_rooms, doesnt_xom_only_xom
Temple:   kb_temple_of_zot
Lair:1:   layout_misc_corridors, special_room [special_room_bee],
          grunt_megastairs_2
Lair:2:   layout_regular_city, minivault_19
Lair:3:   layout_regular_city, nicolae_swamp_entry_splash_gauntlet
Lair:4:   statuecave_lemuel, layout_cave_pods,
          nicolae_spider_entry_tight_spaces, serial_bayou_shore_b,
          lemuel_fruit_tree, serial_bayou_shore_b
Lair:5:   nzn_winding_woodlands_stair_trap
          [nzn_winding_woodlands_5x15_concentric,
          nzn_winding_woodlands_5x15_longhouse,
          nzn_winding_woodlands_5x15_lazy_stream,
          nzn_winding_woodlands_15x15_thick_spiral,
          nzn_winding_woodlands_5x15_sawtooth,
          nzn_winding_woodlands_5x15_pockets, nzn_winding_woodlands_5x15_eye],
          layout_regular_city, slime_altar_2, minivault_23
Lair:6:   minmay_lair_end_enchanted_forest, layout_regular_city
Swamp:1:  layout_falls_marsh, nicolae_swamp_feature_on_the_river_bank
Swamp:2:  layout_falls_marsh, portal_ice_cave_entry_dragon,
          evilmike_swamp_ruin_house_2, swamp_pool3, nicolae_swamp_well_well_well
Swamp:3:  layout_basic_swamp, evilmike_swamp_ruin_house_5,
          infiniplex_staircase_pool
Orc:1:    layout_caves, serial_shops, shop, ebering_ghost_reflecting_pool,
          uniq_josephine
Orc:2:    st_orc_congregation, layout_diamond_mine, basic_altar, serial_shops,
          nicolae_shop_temple_entry_statues_fountains,
          statue_in_the_mist_lemuel, uniq_snorg

Skill      XL: |  1  2  3  4  5  6  7  8  9 10 11 12 13 14 15 16 |
---------------+-------------------------------------------------+-----
Spellcasting   | 3 4 5 6 8 10 12 14 16 17 19 20 21 | 21.2
Stealth        | 2 3 4 5 6 |  6.2
Dodging        | 3 4 5 6 7 |  7.5
Fighting       | 1 2 3 |  3.6
Short Blades   | 1 |  1.1

Action                   |  1- 3 |  4- 6 |  7- 9 | 10-12 | 13-15 | 16-18 || total
-------------------------+-------+-------+-------+-------+-------+-------++-------
Melee: Dagger            |       |       |     1 |    29 |     5 |       ||    35
 Cast: Foxfire           |    95 |   152 |   166 |    32 |       |       ||   445
       Sticky Flame      |       |     1 |    16 |    15 |    19 |     1 ||    52
       Fireball          |       |       |    37 |   263 |   405 |    82 ||   787
       Conjure Flame     |       |       |     2 |       |       |       ||     2
       Irradiate         |       |       |       |     2 |    59 |    13 ||    74
       Bolt of Magma     |       |       |       |       |     5 |     4 ||     9
Invok: Curse Item        |       |       |       |     4 |     3 |     1 ||     8
  Use: Potion            |       |     5 |     3 |     1 |       |     1 ||    10
       Scroll            |       |     2 |     7 |     6 |     5 |     2 ||    22
Armor: Robe              |     3 |     5 |     5 |    16 |     8 |     1 ||    38
       Skin              |       |    11 |       |       |       |       ||    11
Dodge: Dodged            |     9 |    36 |    57 |    60 |    64 |    11 ||   237

Table legend: (Time is in decaauts)
 A = Elapsed time spent in this place.
 B = Non-inter-level travel time spent in this place.
 C = Inter-level travel time spent in this place.
 D = Time resting spent in this place.
 E = Time spent auto-exploring this place.
 F = Levels seen in this place.
 G = Mean time per level.
                   A        B        C        D        E       F      G
               +--------+--------+--------+--------+--------+-----+--------+
         Total |  19871 |  18851 |   1020 |   1223 |  14347 |  25 |  794.8 |
       Dungeon |   9082 |   8674 |    408 |    297 |   7089 |  11 |  825.6 |
        Temple |    153 |    103 |     50 |      0 |    102 |   1 |  153.0 |
          Lair |   6633 |   6218 |    415 |    454 |   4922 |   6 | 1105.5 |
         Swamp |   1420 |   1380 |     40 |     40 |   1088 |   3 |  473.3 |
  Orcish Mines |   1666 |   1561 |    105 |    209 |    880 |   2 |  833.0 |
        Bailey |    461 |    461 |      0 |    100 |    198 |   1 |  461.0 |
      Ice Cave |    452 |    452 |      0 |    123 |     68 |   1 |  452.0 |
               +--------+--------+--------+--------+--------+-----+--------+

Top non-repeatable levels by time:
     D:1: 2000 daAuts
  Lair:5: 1399 daAuts
  Lair:6: 1289 daAuts
     D:2: 1280 daAuts
  Lair:3: 1110 daAuts
  Lair:4: 1089 daAuts
    D:10: 1024 daAuts
     D:4: 1018 daAuts
   Orc:2: 988 daAuts
     D:5: 906 daAuts
  Lair:1: 903 daAuts
  Lair:2: 840 daAuts
     D:6: 727 daAuts
   Orc:1: 677 daAuts
     D:8: 677 daAuts
